[Event "22nd ETCC Women 2019"]
[Site "Batumi"]
[Date "2019.10.26"]
[Round "3.31"]
[White "Khukhashvili, Sopiko"]
[Black "Klinova, Masha"]
[Result "0-1"]
[ECO "B07"]
[WhiteElo "2341"]
[BlackElo "2277"]
[Annotator "NA"]
[PlyCount "48"]
[EventDate "2019.10.24"]
[EventType "team-tourn"]
[EventCountry "GEO"]
[SourceTitle "playchess.com"]
[Source "ChessBase"]
[SourceQuality "1"]
[WhiteTeam "Georgia"]
[BlackTeam "Israel"]
[WhiteTeamCountry "GEO"]
[BlackTeamCountry "ISR"]
[TimeControl "40/5400+30:1800+30"]

1. e4 d6 2. d4 Nf6 3. Nc3 g6 4. g3 Bg7 5. Bg2 O-O 6. Nge2 e5 7. h3 Nc6 8. d5 Ne7 9. g4 c6 10. Bg5 cxd5 11. exd5 Nd7 12. Qd2 a6 13. O-O-O b5 14. Ng3 Nb6 15. b3 Bb7 16. a3 Qc7 17. Bxe7 Qxe7 18. Be4 Rac8 19. Kb2 Rc5 20. Qe3 Rfc8 21. Kb1 Qc7 22. Rd3 a5 23. b4 axb4 24. axb4 Rxc3 0-1

[Event "22nd ETCC Women 2019"]
[Site "Batumi"]
[Date "2019.10.26"]
[Round "3.32"]
[White "Nesterovskaya, Anzhelika"]
[Black "Mikadze, Miranda"]
[Result "0-1"]
[ECO "B12"]
[WhiteElo "2124"]
[BlackElo "2279"]
[Annotator "NA"]
[PlyCount "163"]
[EventDate "2019.10.24"]
[EventType "team-tourn"]
[EventCountry "GEO"]
[SourceTitle "playchess.com"]
[Source "ChessBase"]
[SourceQuality "1"]
[WhiteTeam "Israel"]
[BlackTeam "Georgia"]
[WhiteTeamCountry "ISR"]
[BlackTeamCountry "GEO"]
[TimeControl "40/5400+30:1800+30"]

1. e4 c6 2. d4 d5 3. e5 c5 4. dxc5 Nc6 5. f4 e6 6. Be3 a5 7. Bb5 Bd7 8. a4 Nh6 9. c3 Qc7 10. Nf3 Nb8 11. Bxd7+ Nxd7 12. b4 axb4 13. cxb4 b6 14. Nc3 bxc5 15. Nb5 Qd8 16. bxc5 Nf5 17. Bf2 Bxc5 18. Bxc5 Nxc5 19. Rc1 Qa5+ 20. Ke2 Nxa4 21. Nc7+ Ke7 22. Qc2 Rab8 23. Qd3 Nc5 24. Nxd5+ exd5 25. Qxf5 Ne6 26. Rhd1 Rb2+ 27. Kf1 Qb5+ 28. Kg1 Qe2 29. Qg4 h5 30. Qh3 Qe3+ 31. Kh1 Qxf4 32. Nd4 Ra8 33. Nxe6 Qxe5 34. Nc7 Rab8 35. Qa3+ Kf6 36. Nxd5+ Kg6 37. Qd3+ Kh6 38. Rc6+ g6 39. Qe3+ Qxe3 40. Nxe3 Re8 41. Rc2 Rb6 42. Nf1 Rf6 43. Kg1 Re4 44. Rf2 Ref4 45. Rdd2 Kg7 46. Rxf4 Rxf4 47. Ne3 Re4 48. Kf2 Re7 49. Rd5 Ra7 50. Kf3 Rb7 51. Rc5 Ra7 52. Nd5 Ra3+ 53. Rc3 Ra5 54. Rd3 Ra7 55. Rc3 Ra5 56. Rd3 Ra7 57. h3 Ra1 58. Nc7 Rf1+ 59. Ke2 Rf5 60. Rd5 Rf4 61. Rd7 Re4+ 62. Kf3 Re1 63. Nb5 g5 64. Kf2 Re6 65. Nd6 Kg6 66. Nc8 Re8 67. Rd6+ Kg7 68. Rc6 Re4 69. Nd6 Rf4+ 70. Ke3 h4 71. Ne8+ Kf8 72. Nf6 Rf5 73. Ne4 Ke7 74. Rc5 Rxc5 75. Nxc5 f5 76. Nd3 Kf6 77. Kd4 Ke6 78. Nf2 Kf6 79. Kd5 g4 80. Kd4 Kg5 81. Ke5 f4 82. Nxg4 0-1

[Event "22nd ETCC Women 2019"]
[Site "Batumi"]
[Date "2019.10.26"]
[Round "3.33"]
[White "Reizniece-Ozola, Dana"]
[Black "Atalik, Ekaterina"]
[Result "0-1"]
[ECO "A13"]
[WhiteElo "2297"]
[BlackElo "2464"]
[Annotator "ChessBase"]
[PlyCount "113"]
[EventDate "2019.10.24"]
[EventType "team-tourn"]
[EventCountry "GEO"]
[SourceTitle "playchess.com"]
[Source "ChessBase"]
[SourceQuality "1"]
[WhiteTeam "Latvia"]
[BlackTeam "Turkey"]
[WhiteTeamCountry "LAT"]
[BlackTeamCountry "TUR"]
[TimeControl "40/5400+30:1800+30"]

1. c4 e6 2. Nf3 d5 3. e3 Nf6 4. Nc3 b6 5. g3 Bb7 6. Bg2 dxc4 7. Qa4+ Nbd7 8. Qxc4 Nc5 9. d4 Ba6 10. Nb5 c6 11. a4 cxb5 12. axb5 Bb7 13. dxc5 Bxc5 14. O-O Bd5 15. Qh4 O-O 16. b4 Be7 17. Bb2 Qe8 18. Nd4 Bxg2 19. Kxg2 Nd5 20. Qg4 Bf6 21. Rfc1 Nxb4 22. Ba3 a5 23. bxa6 Rxa6 24. Bxb4 Qa8+ 25. Qf3 Rxa1 26. Rxa1 Qxa1 27. Bxf8 Kxf8 28. Qc6 g6 29. Qxb6 Bxd4 30. exd4 Qa8+ 31. Kg1 Qd5 32. Qa7 g5 33. h3 Kg7 34. Qe7 Kg6 35. h4 h6 36. hxg5 hxg5 37. Qa7 Qf3 38. Qc5 Kh5 39. Qe5 Kg4 40. Kf1 Qh1+ 41. Ke2 Qd5 42. Qf6 Qe4+ 43. Kf1 Qf5 44. Qh8 f6 45. Qd8 Kf3 46. Qa8+ Qe4 47. Qa3+ Kg4 48. Qc3 Kh3 49. Qc8 Qb1+ 50. Ke2 Qe4+ 51. Kf1 Qd3+ 52. Ke1 Qxd4 53. Qxe6+ Kg2 54. Qf5 Qa1+ 55. Ke2 Qf1+ 56. Ke3 Qe1+ 57. Kd4 0-1

[Event "22nd ETCC Women 2019"]
[Site "Batumi"]
[Date "2019.10.26"]
[Round "3.34"]
[White "Yildiz Kadioglu, Betul Cemre"]
[Black "Rogule, Laura"]
[Result "1-0"]
[ECO "E09"]
[WhiteElo "2338"]
[BlackElo "2269"]
[Annotator "NA"]
[PlyCount "97"]
[EventDate "2019.10.24"]
[EventType "team-tourn"]
[EventCountry "GEO"]
[SourceTitle "playchess.com"]
[Source "ChessBase"]
[SourceQuality "1"]
[WhiteTeam "Turkey"]
[BlackTeam "Latvia"]
[WhiteTeamCountry "TUR"]
[BlackTeamCountry "LAT"]
[TimeControl "40/5400+30:1800+30"]

1. d4 d5 2. c4 e6 3. Nf3 Nf6 4. g3 Be7 5. Bg2 O-O 6. O-O c6 7. Qc2 Nbd7 8. Nbd2 b6 9. e4 dxe4 10. Nxe4 Nxe4 11. Qxe4 Bb7 12. Re1 Re8 13. Ne5 Rc8 14. Be3 Rc7 15. Qc2 Nxe5 16. dxe5 Rd7 17. Rad1 Rxd1 18. Rxd1 Qc7 19. c5 b5 20. Qc3 Rd8 21. Rxd8+ Qxd8 22. Qd4 Qxd4 23. Bxd4 a5 24. Kf1 Kf8 25. Ke1 Ke8 26. a3 Kd7 27. b4 axb4 28. axb4 Bc8 29. Ke2 Kc7 30. g4 Bd7 31. Be4 h6 32. Kf3 Bg5 33. Be3 Bxe3 34. Kxe3 Kd8 35. h4 Ke7 36. f4 g6 37. Kf3 Kf8 38. h5 gxh5 39. g5 hxg5 40. fxg5 Kg7 41. Kg3 Be8 42. Kh4 Bd7 43. Kxh5 Kf8 44. Kh6 Be8 45. Kh7 Bd7 46. Bf3 Be8 47. Bh5 Bd7 48. Bxf7 Kxf7 49. g6+ 1-0

[Event "22nd ETCC Women 2019"]
[Site "Batumi"]
[Date "2019.10.26"]
[Round "3.35"]
[White "Berzina, Ilze"]
[Black "Ozturk, Kubra"]
[Result "1-0"]
[ECO "C95"]
[WhiteElo "2216"]
[BlackElo "2317"]
[Annotator "NA"]
[PlyCount "147"]
[EventDate "2019.10.24"]
[EventType "team-tourn"]
[EventCountry "GEO"]
[SourceTitle "playchess.com"]
[Source "ChessBase"]
[SourceQuality "1"]
[WhiteTeam "Latvia"]
[BlackTeam "Turkey"]
[WhiteTeamCountry "LAT"]
[BlackTeamCountry "TUR"]
[TimeControl "40/5400+30:1800+30"]

1. e4 e5 2. Nf3 Nc6 3. Bb5 a6 4. Ba4 Nf6 5. O-O Be7 6. Re1 b5 7. Bb3 d6 8. c3 O-O 9. h3 Nb8 10. d4 Nbd7 11. Nbd2 Bb7 12. Bc2 Re8 13. Nf1 Bf8 14. Ng3 g6 15. a4 Nb6 16. axb5 axb5 17. Rxa8 Qxa8 18. Bg5 Bg7 19. dxe5 dxe5 20. Qc1 Nc4 21. b3 Nd6 22. Qe3 Nd7 23. Bh6 Bf6 24. Nd2 Qa2 25. Bd1 Nf8 26. b4 Ne6 27. Bb3 Qa8 28. Ngf1 Bg7 29. Bxg7 Kxg7 30. Nh2 Qd8 31. Ng4 Qg5 32. Qxg5 Nxg5 33. f3 h5 34. Nf2 Rd8 35. Kf1 h4 36. Ke2 f5 37. Ke3 Kf6 38. Ra1 Rc8 39. Bd5 c6 40. Bb3 c5 41. bxc5 Rxc5 42. Kd3 Ne6 43. Bxe6 Kxe6 44. Nb3 Rc4 45. Nd2 Rc6 46. Nb3 Rc4 47. Nd2 Rc7 48. Nb3 Kf6 49. Ra5 Kg5 50. Ra2 Kf4 51. Nd2 Nc4 52. exf5 gxf5 53. Nxc4 bxc4+ 54. Ke2 Kg3 55. Kf1 Rd7 56. Kg1 e4 57. fxe4 fxe4 58. Re2 Kf4 59. Ng4 Rd3 60. Rf2+ Kg3 61. Nh2 Rd1+ 62. Nf1+ Rxf1+ 63. Rxf1 e3 64. Re1 Kf4 65. Rf1+ Kg3 66. Re1 Kf4 67. Rb1 Be4 68. Rb8 Bf5 69. Kf1 Bd3+ 70. Ke1 Be4 71. Rg8 Bf5 72. Rg7 Ke5 73. Ke2 Kf4 74. Rf7 1-0

[Event "22nd ETCC Women 2019"]
[Site "Batumi"]
[Date "2019.10.26"]
[Round "3.36"]
[White "Duran, Esma Doga"]
[Black "Golsta, Madara"]
[Result "1/2-1/2"]
[ECO "D37"]
[WhiteElo "1878"]
[BlackElo "1987"]
[Annotator "NA"]
[PlyCount "119"]
[EventDate "2019.10.24"]
[EventType "team-tourn"]
[EventCountry "GEO"]
[SourceTitle "playchess.com"]
[Source "ChessBase"]
[SourceQuality "1"]
[WhiteTeam "Turkey"]
[BlackTeam "Latvia"]
[WhiteTeamCountry "TUR"]
[BlackTeamCountry "LAT"]
[TimeControl "40/5400+30:1800+30"]

1. d4 Nf6 2. c4 e6 3. Nf3 d5 4. Nc3 Nbd7 5. Bf4 dxc4 6. e4 Bb4 7. Bg5 h6 8. Bxf6 Qxf6 9. Bxc4 O-O 10. O-O b6 11. Nb5 Qd8 12. d5 e5 13. d6 Bxd6 14. Nxd6 cxd6 15. Qxd6 Qf6 16. Qxf6 gxf6 17. Bd5 Rb8 18. b4 b5 19. Bc6 Nb6 20. Rfd1 Nc4 21. Rac1 Be6 22. Bd5 Rfd8 23. Nh4 Rb6 24. Bxe6 Rxd1+ 25. Rxd1 fxe6 26. Rd8+ Kg7 27. Rd7+ Kg8 28. Rxa7 Rd6 29. g3 Rd1+ 30. Kg2 Rb1 31. Ra6 Kf7 32. Ra7+ Kg8 33. Ra8+ Kg7 34. Ra7+ Kg8 35. Re7 Rxb4 36. Rxe6 Kf7 37. Ra6 Nd2 38. Nf5 Nxe4 39. Nxh6+ Kg7 40. Nf5+ Kg6 41. Ne7+ Kf7 42. Nd5 Rb2 43. Kf3 f5 44. Ke3 Nxf2 45. Rf6+ Kg7 46. Rxf5 Ng4+ 47. Ke4 Nxh2 48. Rg5+ Kf7 49. Rf5+ Kg7 50. Nc7 b4 51. Ne6+ Kg6 52. Rxe5 Re2+ 53. Kd5 Rxa2 54. Nf4+ Kf6 55. Re6+ Kf7 56. Kc4 Rf2 57. Re2 Rxe2 58. Nxe2 Nf1 59. Kxb4 Nxg3 60. Nxg3 1/2-1/2

[Event "22nd ETCC Women 2019"]
[Site "Batumi"]
[Date "2019.10.27"]
[Round "4.1"]
[White "Dzagnidze, Nana"]
[Black "Goryachkina, Aleksandra"]
[Result "1/2-1/2"]
[ECO "D10"]
[WhiteElo "2502"]
[BlackElo "2575"]
[Annotator "ChessBase"]
[PlyCount "31"]
[EventDate "2019.10.24"]
[EventType "team-tourn"]
[EventCountry "GEO"]
[SourceTitle "playchess.com"]
[Source "ChessBase"]
[SourceQuality "1"]
[WhiteTeam "Georgia"]
[BlackTeam "Russia"]
[WhiteTeamCountry "GEO"]
[BlackTeamCountry "RUS"]
[TimeControl "40/5400+30:1800+30"]

1. c4 c6 2. d4 d5 3. cxd5 cxd5 4. Bg5 h6 5. Bh4 Qb6 6. Nc3 Qxb2 7. Nxd5 e6 8. Rb1 Qa3 9. Nc7+ Kd7 10. Nxa8 Bb4+ 11. Rxb4 Qxb4+ 12. Qd2 Qb1+ 13. Qd1 Qb4+ 14. Qd2 Qb1+ 15. Qd1 Qb4+ 16. Qd2 1/2-1/2

[Event "22nd ETCC Women 2019"]
[Site "Batumi"]
[Date "2019.10.27"]
[Round "4.1"]
[White "Exler, Veronika"]
[Black "Peng, Zhaoqin"]
[Result "1/2-1/2"]
[ECO "B15"]
[WhiteElo "2222"]
[BlackElo "2364"]
[Annotator "NA"]
[PlyCount "64"]
[EventDate "2019.10.24"]
[EventType "team-tourn"]
[EventCountry "GEO"]
[SourceTitle "playchess.com"]
[Source "ChessBase"]
[SourceQuality "1"]
[WhiteTeam "Austria"]
[BlackTeam "Netherlands"]
[WhiteTeamCountry "AUT"]
[BlackTeamCountry "NED"]
[TimeControl "40/5400+30:1800+30"]

1. e4 c6 2. d4 d5 3. Nc3 dxe4 4. Nxe4 Nf6 5. Nxf6+ exf6 6. c3 Bd6 7. Bd3 O-O 8. Qc2 h5 9. Ne2 Re8 10. O-O Qc7 11. h3 h4 12. c4 Na6 13. a3 c5 14. d5 Bd7 15. f4 f5 16. Kh1 Qd8 17. Ng1 Qf6 18. Nf3 b5 19. Ne5 Rad8 20. b3 bxc4 21. bxc4 Bxe5 22. fxe5 Qxe5 23. Bg5 Rc8 24. Bxh4 f4 25. Qd2 g5 26. Rae1 Qf6 27. Bf2 Rb8 28. Rxe8+ Rxe8 29. Re1 Rb8 30. Rb1 Re8 31. Re1 Rb8 32. Rb1 Re8 1/2-1/2

[Event "22nd ETCC Women 2019"]
[Site "Batumi"]
[Date "2019.10.27"]
[Round "4.2"]
[White "Haast, Anne"]
[Black "Trippold, Denise"]
[Result "1-0"]
[ECO "B48"]
[WhiteElo "2288"]
[BlackElo "2180"]
[Annotator "NA"]
[PlyCount "169"]
[EventDate "2019.10.24"]
[EventType "team-tourn"]
[EventCountry "GEO"]
[SourceTitle "playchess.com"]
[Source "ChessBase"]
[SourceQuality "1"]
[WhiteTeam "Netherlands"]
[BlackTeam "Austria"]
[WhiteTeamCountry "NED"]
[BlackTeamCountry "AUT"]
[TimeControl "40/5400+30:1800+30"]

1. e4 c5 2. Nf3 e6 3. d4 cxd4 4. Nxd4 Nc6 5. Nc3 Qc7 6. Be3 a6 7. Qf3 Ne5 8. Qg3 h5 9. f4 h4 10. Qh3 Nc4 11. Bxc4 Qxc4 12. O-O-O b5 13. Kb1 Bb7 14. Bf2 Rc8 15. Rhe1 Nf6 16. e5 Nd5 17. Nxd5 Bxd5 18. b3 Qc7 19. Re2 Qb7 20. Be1 b4 21. Qd3 Bc5 22. Nf5 Kf8 23. Bf2 Be7 24. Nxe7 Kxe7 25. f5 Ke8 26. Qd4 a5 27. Qg4 Kf8 28. Bxh4 exf5 29. Qd4 Be6 30. h3 Qc6 31. Be1 Qc5 32. Qf4 Kg8 33. Bf2 Qc6 34. Bh4 Qb5 35. Rde1 Qc5 36. Bf2 Qc6 37. Bd4 Rh6 38. Qf2 Qd5 39. Rd2 Qc6 40. Be3 Rh7 41. Rd4 Qc3 42. Bc1 Qc5 43. Qd2 Rc6 44. a3 bxa3 45. Ra4 Ra6 46. Bxa3 Qb5 47. Kb2 Rh6 48. Re3 Rg6 49. Bd6 f4 50. Rxf4 a4 51. Rb4 Qc6 52. Rc3 Qd5 53. Rc8+ Kh7 54. Qxd5 Bxd5 55. g4 axb3 56. cxb3 Rh6 57. Rbb8 Kg6 58. Rh8 Rxh8 59. Rxh8 Kg5 60. Rh5+ Kg6 61. Bc5 Be6 62. Be3 f6 63. exf6 Kxf6 64. Rh8 Rc6 65. Bd4+ Kg6 66. b4 Rc4 67. Bc3 d5 68. Rd8 Re4 69. b5 Re2+ 70. Ka3 Re3 71. Kb4 Re4+ 72. Ka5 Rc4 73. Be5 Re4 74. b6 Rxe5 75. b7 d4+ 76. Kb6 Re1 77. Rxd4 Rb1+ 78. Kc7 Kg5 79. Rd6 Rxb7+ 80. Kxb7 Bc4 81. Rd8 Bf1 82. Rh8 Kf4 83. Rf8+ Kg3 84. Rxf1 Kxh3 85. g5 1-0

[Event "22nd ETCC Women 2019"]
[Site "Batumi"]
[Date "2019.10.27"]
[Round "4.3"]
[White "Khotenashvili, Bela"]
[Black "Girya, Olga"]
[Result "1/2-1/2"]
[ECO "D03"]
[WhiteElo "2446"]
[BlackElo "2476"]
[Annotator "ChessBase"]
[PlyCount "114"]
[EventDate "2019.10.24"]
[EventType "team-tourn"]
[EventCountry "GEO"]
[SourceTitle "playchess.com"]
[Source "ChessBase"]
[SourceQuality "1"]
[WhiteTeam "Georgia"]
[BlackTeam "Russia"]
[WhiteTeamCountry "GEO"]
[BlackTeamCountry "RUS"]
[TimeControl "40/5400+30:1800+30"]

1. d4 Nf6 2. Nf3 d5 3. Bg5 Ne4 4. Bh4 c5 5. dxc5 Nc6 6. Nbd2 Nxc5 7. c3 g6 8. e3 Bg7 9. Be2 O-O 10. O-O h6 11. Nd4 g5 12. b4 Ne6 13. Bg3 f5 14. f4 gxf4 15. Nxe6 Bxe6 16. Bxf4 Bf7 17. b5 Ne5 18. Bxe5 Bxe5 19. Rxf5 Bxc3 20. Rc1 Bg7 21. Nb3 Rc8 22. Rxc8 Qxc8 23. Rf3 e5 24. Rg3 Kh8 25. Bd3 Be6 26. Be2 b6 27. h3 Qc7 28. Rf3 Qc3 29. Rxf8+ Bxf8 30. Qc1 Qxc1+ 31. Nxc1 Bc5 32. Kf2 d4 33. exd4 Bxd4+ 34. Kg3 Kg7 35. Bd3 Bd5 36. Bc2 Bc4 37. a4 Kf6 38. Bb3 Bf1 39. Kf3 e4+ 40. Kxe4 Bb2 41. Nd3 Bxg2+ 42. Kf4 Bc3 43. Kg4 Bd2 44. h4 Bf1 45. Nf4 Ke5 46. Ng6+ Kd6 47. Nf4 a6 48. bxa6 Bxa6 49. Kf5 Bc8+ 50. Be6 Bb7 51. Bb3 Kc5 52. Bd1 Kc4 53. h5 Bc6 54. Ng6 Kb4 55. Ne5 Be8 56. Ke6 Bc3 57. Nd7 Bxd7+ 1/2-1/2

[Event "22nd ETCC Women 2019"]
[Site "Batumi"]
[Date "2019.10.27"]
[Round "4.3"]
[White "Novkovic, Julia"]
[Black "Lanchava, Tea"]
[Result "1-0"]
[ECO "B08"]
[WhiteElo "2146"]
[BlackElo "2236"]
[Annotator "NA"]
[PlyCount "69"]
[EventDate "2019.10.24"]
[EventType "team-tourn"]
[EventCountry "GEO"]
[SourceTitle "playchess.com"]
[Source "ChessBase"]
[SourceQuality "1"]
[WhiteTeam "Austria"]
[BlackTeam "Netherlands"]
[WhiteTeamCountry "AUT"]
[BlackTeamCountry "NED"]
[TimeControl "40/5400+30:1800+30"]

1. e4 g6 2. d4 Bg7 3. h3 d6 4. Nf3 Nf6 5. Nc3 O-O 6. Bd3 Nbd7 7. e5 Ne8 8. Qe2 dxe5 9. dxe5 Nc5 10. Bc4 c6 11. O-O b5 12. Be3 Nb7 13. Bb3 Qc7 14. Rfe1 e6 15. Qd2 a6 16. a4 b4 17. Ne4 c5 18. Bh6 f5 19. exf6 Nxf6 20. Bxg7 Kxg7 21. Nxf6 Rxf6 22. Ne5 Rf5 23. Ng4 c4 24. Qd4+ e5 25. Nxe5 Qc5 26. Qxc5 Nxc5 27. Bxc4 Bb7 28. Nd3 Rb8 29. Re7+ Kh6 30. g4 Nxd3 31. gxf5 Nf4 32. f6 Nxh3+ 33. Kh2 Nxf2 34. f7 Ng4+ 35. Kg3 1-0

[Event "22nd ETCC Women 2019"]
[Site "Batumi"]
[Date "2019.10.27"]
[Round "4.4"]
[White "Ratsma, Rosa"]
[Black "Teuschler, Barbara"]
[Result "1-0"]
[ECO "C90"]
[WhiteElo "2283"]
[BlackElo "2136"]
[Annotator "NA"]
[PlyCount "107"]
[EventDate "2019.10.24"]
[EventType "team-tourn"]
[EventCountry "GEO"]
[SourceTitle "playchess.com"]
[Source "ChessBase"]
[SourceQuality "1"]
[WhiteTeam "Netherlands"]
[BlackTeam "Austria"]
[WhiteTeamCountry "NED"]
[BlackTeamCountry "AUT"]
[TimeControl "40/5400+30:1800+30"]

1. e4 e5 2. Nf3 Nc6 3. Bb5 a6 4. Ba4 Nf6 5. O-O Be7 6. Re1 b5 7. Bb3 d6 8. c3 O-O 9. d3 Na5 10. Bc2 c5 11. Nbd2 Nc6 12. h3 Re8 13. Nf1 h6 14. d4 cxd4 15. cxd4 exd4 16. Nxd4 Nxd4 17. Qxd4 Bb7 18. Ng3 d5 19. e5 Ne4 20. Nxe4 dxe4 21. Be3 f5 22. Bb3+ Kh7 23. Rac1 Qxd4 24. Bxd4 Bb4 25. Re2 Rad8 26. Bb6 Rc8 27. Rc7 Rxc7 28. Bxc7 Bc8 29. g4 g6 30. Kg2 Be6 31. Bxe6 Rxe6 32. a3 Bf8 33. Rc2 Kg8 34. Kg3 Kf7 35. Kf4 fxg4 36. hxg4 Be7 37. Kxe4 h5 38. f4 hxg4 39. Kd5 g3 40. Bd6 Bd8 41. Rc3 Bh4 42. Rc7+ Be7 43. b4 g2 44. Bc5 Kf8 45. Be3 Bd8 46. Rc2 Kf7 47. Rxg2 a5 48. bxa5 Bxa5 49. Rb2 Bb6 50. Bxb6 Rxb6 51. a4 b4 52. Kc5 Re6 53. Rxb4 g5 54. Kd5 1-0

[Event "22nd ETCC Women 2019"]
[Site "Batumi"]
[Date "2019.10.27"]
[Round "4.5"]
[White "Houska, Jovanka"]
[Black "Hoolt, Sarah"]
[Result "1-0"]
[ECO "D02"]
[WhiteElo "2430"]
[BlackElo "2323"]
[Annotator "NA"]
[PlyCount "111"]
[EventDate "2019.10.24"]
[EventType "team-tourn"]
[EventCountry "GEO"]
[SourceTitle "playchess.com"]
[Source "ChessBase"]
[SourceQuality "1"]
[WhiteTeam "ENG"]
[BlackTeam "GER"]
[WhiteTeamCountry "ENG"]
[TimeControl "40/5400+30:1800+30"]

1. d4 Nf6 2. Nf3 d5 3. Bf4 c5 4. e3 Nc6 5. Nbd2 e6 6. c3 Qb6 7. Rb1 Nh5 8. Bg3 Nxg3 9. hxg3 Be7 10. Bd3 h6 11. Qe2 Bd7 12. O-O O-O 13. Rfd1 c4 14. Bc2 f5 15. b3 cxb3 16. Bxb3 Qa5 17. c4 Kh7 18. Ne1 Rac8 19. Nd3 Be8 20. cxd5 exd5 21. Nf3 Bf7 22. Nfe5 Nxe5 23. Nxe5 Be6 24. g4 fxg4 25. Nxg4 Bf5 26. Rbc1 Rxc1 27. Rxc1 Bd6 28. Bc2 Qd8 29. Bxf5+ Rxf5 30. Qd3 Qg5 31. Ne5 g6 32. Rb1 b6 33. Rb5 Bxe5 34. dxe5 Rxe5 35. f4 Qf5 36. Qa3 Re6 37. Qxa7+ Kg8 38. Rxb6 Rxb6 39. Qxb6 Qd3 40. a4 h5 41. Kh2 Qf5 42. Qd8+ Kh7 43. Qc7+ Kh6 44. Qe5 Qf8 45. Qxd5 Kh7 46. Qd7+ Kg8 47. Qe6+ Kh7 48. Kh3 Qc5 49. Kh2 Qa5 50. Qf7+ Kh6 51. Qf6 Kh7 52. Qe7+ Kg8 53. Qg5 Qxa4 54. Qxg6+ Kf8 55. Qxh5 Qe4 56. Qe5 1-0

[Event "22nd ETCC Women 2019"]
[Site "Batumi"]
[Date "2019.10.27"]
[Round "4.5"]
[White "Hoang, Thanh Trang"]
[Black "Brunello, Marina"]
[Result "1-0"]
[ECO "D11"]
[WhiteElo "2414"]
[BlackElo "2381"]
[Annotator "NA"]
[PlyCount "71"]
[EventDate "2019.10.24"]
[EventType "team-tourn"]
[EventCountry "GEO"]
[SourceTitle "playchess.com"]
[Source "ChessBase"]
[SourceQuality "1"]
[WhiteTeam "Hungary"]
[BlackTeam "Italy"]
[WhiteTeamCountry "HUN"]
[BlackTeamCountry "ITA"]
[TimeControl "40/5400+30:1800+30"]

1. d4 d5 2. Nf3 Nf6 3. c4 c6 4. e3 Bg4 5. Qb3 Qb6 6. Nc3 e6 7. Nh4 Be7 8. h3 Bh5 9. g4 Bg6 10. Nxg6 hxg6 11. Bg2 g5 12. Bd2 Nbd7 13. O-O-O O-O-O 14. Qa4 Kb8 15. c5 Qc7 16. b4 a6 17. Qb3 e5 18. a4 Ka8 19. b5 Bxc5 20. dxc5 Nxc5 21. Qc2 cxb5 22. axb5 Qa5 23. bxa6 bxa6 24. Be1 e4 25. Kd2 Rb8 26. Ke2 Qa3 27. Nb1 Qb2 28. Qxb2 Rxb2+ 29. Kf1 Rhb8 30. Nc3 Nd3 31. Nxd5 Rb1 32. Nc3 Rxd1 33. Nxd1 Rb1 34. Ke2 Ra1 35. Nc3 Nc1+ 36. Kd2 1-0

[Event "22nd ETCC Women 2019"]
[Site "Batumi"]
[Date "2019.10.27"]
[Round "4.6"]
[White "Sedina, Elena"]
[Black "Lazarne Vajda, Szidonia"]
[Result "1/2-1/2"]
[ECO "B10"]
[WhiteElo "2294"]
[BlackElo "2353"]
[Annotator "NA"]
[PlyCount "60"]
[EventDate "2019.10.24"]
[EventType "team-tourn"]
[EventCountry "GEO"]
[SourceTitle "playchess.com"]
[Source "ChessBase"]
[SourceQuality "1"]
[WhiteTeam "Italy"]
[BlackTeam "Hungary"]
[WhiteTeamCountry "ITA"]
[BlackTeamCountry "HUN"]
[TimeControl "40/5400+30:1800+30"]

1. e4 c6 2. c4 d5 3. exd5 cxd5 4. cxd5 Nf6 5. Nc3 Nxd5 6. Nf3 Nc6 7. d4 Bg4 8. Qb3 Bxf3 9. gxf3 e6 10. Qxb7 Nxd4 11. Bb5+ Nxb5 12. Qc6+ Ke7 13. Qxb5 Qd7 14. Nxd5+ Qxd5 15. Bg5+ f6 16. Qxd5 exd5 17. Be3 Ke6 18. O-O-O Bb4 19. a3 Rhc8+ 20. Kb1 Bc5 21. Rhe1 Bxe3 22. Rxe3+ Kd6 23. Rde1 Rc4 24. b3 Rf4 25. Re6+ Kc5 26. Rc1+ Kd4 27. Rd1+ Kc5 28. b4+ Kc4 29. Rc6+ Kb5 30. Rc5+ Kb6 1/2-1/2

[Event "22nd ETCC Women 2019"]
[Site "Batumi"]
[Date "2019.10.27"]
[Round "4.6"]
[White "Klek, Hanna Marie"]
[Black "Toma, Katarzyna"]
[Result "1-0"]
[ECO "D90"]
[WhiteElo "2248"]
[BlackElo "2272"]
[Annotator "NA"]
[PlyCount "69"]
[EventDate "2019.10.24"]
[EventType "team-tourn"]
[EventCountry "GEO"]
[SourceTitle "playchess.com"]
[Source "ChessBase"]
[SourceQuality "1"]
[WhiteTeam "Germany"]
[BlackTeam "England"]
[WhiteTeamCountry "GER"]
[BlackTeamCountry "ENG"]
[TimeControl "40/5400+30:1800+30"]

1. d4 Nf6 2. c4 g6 3. Nc3 d5 4. Nf3 Bg7 5. h4 c6 6. cxd5 cxd5 7. Bf4 Nc6 8. e3 O-O 9. Qb3 Na5 10. Qa3 Nc6 11. Rc1 Bf5 12. Be2 Rc8 13. b4 Qb6 14. b5 Qa5 15. Qxa5 Nxa5 16. O-O Rfd8 17. Ne5 Ne8 18. g4 Be6 19. Nd3 f6 20. g5 Nd6 21. Nc5 Bf7 22. Bg4 Nf5 23. h5 e5 24. hxg6 hxg6 25. gxf6 Bxf6 26. dxe5 Be7 27. e4 Rxc5 28. exf5 gxf5 29. Bxf5 d4 30. Ne4 Rxb5 31. Rc7 Nc6 32. Kh2 Bxa2 33. Rg1+ Kh8 34. Bg5 Rf8 35. Bf6+ 1-0

[Event "22nd ETCC Women 2019"]
[Site "Batumi"]
[Date "2019.10.27"]
[Round "4.7"]
[White "Gara, Ticia"]
[Black "Gueci, Tea"]
[Result "1-0"]
[ECO "A13"]
[WhiteElo "2322"]
[BlackElo "2265"]
[Annotator "NA"]
[PlyCount "127"]
[EventDate "2019.10.24"]
[EventType "team-tourn"]
[EventCountry "GEO"]
[SourceTitle "playchess.com"]
[Source "ChessBase"]
[SourceQuality "1"]
[WhiteTeam "Hungary"]
[BlackTeam "Italy"]
[WhiteTeamCountry "HUN"]
[BlackTeamCountry "ITA"]
[TimeControl "40/5400+30:1800+30"]

1. c4 e6 2. Nf3 Nf6 3. g3 d5 4. d4 Bb4+ 5. Bd2 Bd6 6. Bg2 c6 7. b3 Ne4 8. Nc3 f5 9. O-O Nd7 10. Rc1 O-O 11. Bf4 Be7 12. Nxe4 fxe4 13. Ne5 a5 14. f3 exf3 15. exf3 a4 16. Re1 axb3 17. axb3 Bb4 18. Re2 Nxe5 19. Bxe5 Bd7 20. Ra1 Bc3 21. Rxa8 Qxa8 22. Qc1 Qa5 23. Rc2 Bb4 24. Qg5 Rf7 25. h4 Be7 26. Qd2 Qb6 27. c5 Qd8 28. Ra2 Bf6 29. f4 b6 30. Qe1 Be7 31. b4 b5 32. Qa1 Rf8 33. Ra7 h6 34. Qa6 Bxh4 35. gxh4 Qxh4 36. Qa1 Rf7 37. Ra3 Qg4 38. Ra8+ Rf8 39. Rxf8+ Kxf8 40. Qb1 Kg8 41. Qd3 Be8 42. Kh2 Bf7 43. Bh3 Qh4 44. Qg3 Qxg3+ 45. Kxg3 g6 46. Bf6 Kf8 47. f5 exf5 48. Kf4 Be8 49. Ke5 Kf7 50. Bd8 Bd7 51. Bh4 g5 52. Bf2 g4 53. Bf1 h5 54. Bd3 Kg6 55. Bh4 g3 56. Bxg3 Kg5 57. Kd6 Be8 58. Ke7 Bg6 59. Kd7 h4 60. Bh2 Kg4 61. Kxc6 Be8+ 62. Kxd5 f4 63. c6 f3 64. Ke4 1-0

[Event "22nd ETCC Women 2019"]
[Site "Batumi"]
[Date "2019.10.27"]
[Round "4.7"]
[White "Lauterbach, Ingrid"]
[Black "Osmanodja, Filiz"]
[Result "0-1"]
[ECO "A06"]
[WhiteElo "2078"]
[BlackElo "2225"]
[Annotator "NA"]
[PlyCount "64"]
[EventDate "2019.10.24"]
[EventType "team-tourn"]
[EventCountry "GEO"]
[SourceTitle "playchess.com"]
[Source "ChessBase"]
[SourceQuality "1"]
[WhiteTeam "England"]
[BlackTeam "Germany"]
[WhiteTeamCountry "ENG"]
[BlackTeamCountry "GER"]
[TimeControl "40/5400+30:1800+30"]

1. Nf3 d5 2. g3 g6 3. Bg2 Bg7 4. O-O e5 5. d3 Ne7 6. c4 d4 7. b4 O-O 8. Bb2 a5 9. a3 axb4 10. axb4 Rxa1 11. Bxa1 Na6 12. b5 Nc5 13. Nbd2 f5 14. Nb3 Ne6 15. e3 f4 16. exd4 exd4 17. Re1 fxg3 18. hxg3 Nf5 19. Nbd2 h5 20. Bh3 Nc5 21. Bf1 h4 22. g4 Nh6 23. g5 Nf7 24. Nxh4 Qxg5+ 25. Ng2 Nd6 26. Ne4 Ndxe4 27. dxe4 Bg4 28. Be2 Bh3 29. Bf1 Bg4 30. Be2 Bh3 31. Bf1 Ne6 32. Qd3 Bxg2 0-1